 Dungeon Crawl Stone Soup version 0.17-a0-1914-gde4187c (webtiles) character file.

1657 mcbry74 the Quickloader (level 8, -3/67 HPs)
             Began as a Pale Draconian Wanderer on Sept 26, 2015.
             Was a Follower of Cheibriados.
             Slain by a warg (15 damage)
             ... on level 9 of the Dungeon.
             The game lasted 00:42:01 (6899 turns).

mcbry74 the Quickloader (Pale Draconian Wanderer)   Turns: 6899, Time: 00:42:01

Health: -3/67      AC:  8    Str: 18    XL:     8   Next: 68%
Magic:  2/3        EV: 13    Int: 17    God:    Cheibriados [*.....]
Gold:   210        SH:  0    Dex: 13    Spells: 0 memorised, 7 levels left

rFire  . . .     SeeInvis .     A - +6 short sword (antimagic)
rCold  . . .     Clarity  .     (armour unavailable)
rNeg   . . .     SustAt   .     (no shield)
rPois  .         Gourm    .     (helmet restricted)
rElec  .         Spirit   .     h - +1 cloak
rCorr  .         Warding  .     (no gloves)
rMut   .         Stasis   .     (no boots)
MR     .....                    (no amulet)
Stlth  ++........               (no ring)
                                (no ring)

@: about to teleport, drained, very slow, not resistant to hostile enchantments,
unstealthy
A: breathe steam, unfitting armour, strong 1, cold-blooded, AC +6
a: Breathe Steam, Bend Time, Renounce Religion


You were on level 9 of the Dungeon.
You worshipped Cheibriados.
Cheibriados was aware of your devotion.
You were not hungry.

You visited 2 branches of the dungeon, and saw 9 of its levels.
You also visited: Sewer.

You collected 210 gold pieces.

Inventory:

Hand weapons
 a - a +4 hand crossbow
 f - a +0 dagger
 g - a +0 rapier
 j - a +0 short sword
 z - a +0 dagger of draining
 A - a +6 antimagic short sword (weapon)
Missiles
 b - 20 bolts
Armour
 h - a +1 cloak (worn)
Magical devices
 q - a wand of digging (9)
 y - a wand of random effects (12)
 D - a wand of teleportation (2)
Scrolls
 c - 4 scrolls of teleportation
 l - 4 scrolls of identify
 r - a scroll of fear
 s - a scroll of remove curse
 x - 2 scrolls of fog
Potions
 d - 3 potions of curing
 o - a potion of lignification {unknown}
 p - a potion of agility {unknown}
 t - a potion of mutation {unknown}
 u - 3 potions of haste {unknown}
 v - a potion of cancellation {unknown}
 w - a potion of magic {unknown}
 B - a potion of poison {unknown}
 E - a potion of might {unknown}
Comestibles
 e - 5 bread rations
 i - 4 meat rations
 m - a beef jerky


   Skills:
 + Level 4.3(4.0) Fighting
 * Level 4.0(3.6) Short Blades
 * Level 8.2(7.8) Crossbows
 + Level 3.0(2.7) Dodging
 + Level 2.3(2.0) Stealth
   Level 1.0(0.7) Shields
 * Level 3.2(2.9) Invocations
 + Level 1.1(0.8) Evocations


You had 7 spell levels left.
You didn't know any spells.

Dungeon Overview and Level Annotations

Branches:
Dungeon (9/15)             Temple (1/1) D:5
   Lair: D:8-11         Orc: D:9-12

Altars:
Ashenzari
Cheibriados
Dithmenos
Elyvilon
Fedhas
Kikubaaqudgha
Makhleb
Nemelex Xobeh
Okawaru
Qazlal
Sif Muna
Trog
Xom
Yredelemnul
Zin
The Shining One


Innate Abilities, Weirdness & Mutations

You can breathe blasts of scalding, opaque steam.
Your pale cyan-grey scales are hard (AC +6).
Your body does not fit into most forms of armour.
You are cold-blooded and may be slowed by cold attacks.
Your muscles are strong. (Str +2)


Message History

Okay, then.
Welcome back, mcbry74 the Pale Draconian Wanderer.
Cheibriados says: Take it easy.
Press ? for a list of commands and other information.
Read which item? (? for menu, Esc to quit)
Okay, then.
That item cannot be evoked!
Zapping:
D - a wand of teleportation (will waste charges)
Press: ? - help, Shift-Dir - straight line, f - you You feel strangely unstable.
Evoking this partially-identified wand wasted a few charges.
The warg misses you.
Drink which item? (? for menu, Esc to quit)
You feel better. The warg bites you!
* * * LOW HITPOINT WARNING * * *
Drink which item? (? for menu, Esc to quit)
You feel better. The warg bites you.
* * * LOW HITPOINT WARNING * * *
The warg bites you!
You die...

#####
#...#
#...#
#...#
#.[)#
#@### #h#
#H# ..o
.....
.(..$..
#....#..(
...?.##...
......#
##..


You could see a hippogriff, a warg and an orc wizard.

Vanquished Creatures
  A warg (D:9)
  A black bear (D:6)
  3 ogres
  An ice beast (D:5)
  A sky beast (D:5)
  3 big kobolds
  Blork the orc (D:4)
  2 giant frogs
  A water moccasin skeleton (D:6)
  A scorpion (D:6)
  A crimson imp (D:5)
  A giant frog skeleton (D:4)
  A giant frog zombie (D:6)
  Ijyb (D:2)
  3 orc wizards
  An iguana (D:4)
  2 worker ants
  A hound skeleton (D:6)
  3 adders
  A worker ant zombie (D:7)
  4 river rats (Sewer)
  3 oozes
  4 worms
  4 giant geckos
  21 orcs
  4 bats
  6 giant cockroaches
  9 goblins
  6 hobgoblins
  8 jackals
  16 kobolds
  4 ball pythons
  2 giant newts
  A jackal zombie (D:6)
  7 quokkas
  A quokka skeleton (D:7)
  A quokka zombie (D:7)
  9 rats
140 creatures vanquished.

Vanquished Creatures (others)
  A giant newt (D:3)
1 creature vanquished.

Grand Total: 141 creatures vanquished

Notes
Turn   | Place    | Note
--------------------------------------------------------------
     0 | D:1      | mcbry74 the Draconian Wanderer began the quest for the Orb.
     0 | D:1      | mcbry74 set off with: a +2 hand crossbow, 25 bolts, a scroll of teleportation, a potion of curing, a bread ration, a !bad item (cl:100,ty:0,pl:0,pl2:0,sp:0,qu:0), a !bad item (cl:100,ty:0,pl:0,pl2:0,sp:0,qu:0), a !bad item (cl:100,ty:0,pl:0,pl2:0,sp:0,qu:0), a !bad item (cl:100,ty:0,pl:0,pl2:0,sp:0,qu:0), a !bad item (cl:100,ty:0,pl:0,pl2:0,sp:0,qu:0), a !bad item (cl:100,ty:0,pl:0,pl2:0,sp:0,qu:0), a !bad item (cl:100,ty:0,pl:0,pl2:0,sp:0,qu:0), a !bad item (cl:100,ty:0,pl:0,pl2:0,sp:0,qu:0), a !bad item (cl:100,ty:0,pl:0,pl2:0,sp:0,qu:0), a !bad item (cl:100,ty:0,pl:0,pl2:0,sp:0,qu:0), a !bad item (cl:100,ty:0,pl:0,pl2:0,sp:0,qu:0), a !bad item (cl:100,ty:0,pl:0,pl2:0,sp:0,qu:0), a !bad item (cl:100,ty:0,pl:0,pl2:0,sp:0,qu:0), a !bad item (cl:100,ty:0,pl:0,pl2:0,sp:0,qu:0), a !bad item (cl:100,ty:0,pl:0,pl2:0,sp:0,qu:0), a !bad item (cl:100,ty:0,pl:0,pl2:0,sp:0,qu:0), a !bad item (cl:100,ty:0,pl:0,pl2:0,sp:0,qu:0), a !bad item (cl:100,ty:0,pl:0,pl2:0,sp:0,qu:0), a !bad item (cl:100,ty:0,pl:0,pl2:0,sp:0,qu:0), a !bad item (cl:100,ty:0,pl:0,pl2:0,sp:0,qu:0), a !bad item (cl:100,ty:0,pl:0,pl2:0,sp:0,qu:0), a !bad item (cl:100,ty:0,pl:0,pl2:0,sp:0,qu:0), a !bad item (cl:100,ty:0,pl:0,pl2:0,sp:0,qu:0), a !bad item (cl:100,ty:0,pl:0,pl2:0,sp:0,qu:0), a !bad item (cl:100,ty:0,pl:0,pl2:0,sp:0,qu:0), a !bad item (cl:100,ty:0,pl:0,pl2:0,sp:0,qu:0), a !bad item (cl:100,ty:0,pl:0,pl2:0,sp:0,qu:0), a !bad item (cl:100,ty:0,pl:0,pl2:0,sp:0,qu:0), a !bad item (cl:100,ty:0,pl:0,pl2:0,sp:0,qu:0), a !bad item (cl:100,ty:0,pl:0,pl2:0,sp:0,qu:0), a !bad item (cl:100,ty:0,pl:0,pl2:0,sp:0,qu:0), a !bad item (cl:100,ty:0,pl:0,pl2:0,sp:0,qu:0), a !bad item (cl:100,ty:0,pl:0,pl2:0,sp:0,qu:0), a !bad item (cl:100,ty:0,pl:0,pl2:0,sp:0,qu:0), a !bad item (cl:100,ty:0,pl:0,pl2:0,sp:0,qu:0), a !bad item (cl:100,ty:0,pl:0,pl2:0,sp:0,qu:0), a !bad item (cl:100,ty:0,pl:0,pl2:0,sp:0,qu:0), a !bad item (cl:100,ty:0,pl:0,pl2:0,sp:0,qu:0), a !bad item (cl:100,ty:0,pl:0,pl2:0,sp:0,qu:0), a !bad item (cl:100,ty:0,pl:0,pl2:0,sp:0,qu:0), a !bad item (cl:100,ty:0,pl:0,pl2:0,sp:0,qu:0), a !bad item (cl:100,ty:0,pl:0,pl2:0,sp:0,qu:0), a !bad item (cl:100,ty:0,pl:0,pl2:0,sp:0,qu:0), a !bad item (cl:100,ty:0,pl:0,pl2:0,sp:0,qu:0), a !bad item (cl:100,ty:0,pl:0,pl2:0,sp:0,qu:0), a !bad item (cl:100,ty:0,pl:0,pl2:0,sp:0,qu:0), a !bad item (cl:100,ty:0,pl:0,pl2:0,sp:0,qu:0)
     0 | D:1      | Reached XP level 1. HP: 19/19 MP: 1/1
   338 | D:1      | Reached XP level 2. HP: 26/26 MP: 2/2
   889 | D:2      | Noticed Ijyb
   911 | D:2      | Killed Ijyb
   911 | D:2      | Reached XP level 3. HP: 18/33 MP: 3/3
  1094 | D:2      | Reached skill level 1 in Dodging
  1505 | D:2      | Reached XP level 4. HP: 23/40 MP: 4/4
  1885 | D:3      | Found a white marble altar of Elyvilon.
  2220 | D:3      | Reached skill level 4 in Crossbows
  2284 | D:3      | Found a glowing drain.
  2288 | Sewer    | Entered a sewer
  2312 | Sewer    | Reached XP level 5. HP: 46/46 MP: 5/5
  2322 | Sewer    | Noticed a big kobold
  2342 | Sewer    | Killed a big kobold
  2772 | Sewer    | Noticed a big kobold
  2781 | Sewer    | Killed a big kobold
  2781 | Sewer    | Reached skill level 5 in Crossbows
  2781 | Sewer    | Reached XP level 6. HP: 50/52 MP: 6/6
  3161 | D:3      | Found a shattered altar of Ashenzari.
  3519 | D:4      | Noticed Blork the orc
  3527 | D:4      | Killed Blork the orc
  3855 | D:4      | Reached skill level 6 in Crossbows
  4042 | D:4      | Your scales start taking on a pale cyan-grey colour.
  4042 | D:4      | Reached XP level 7. HP: 37/59 MP: 2/7
  4331 | D:5      | Entered Level 5 of the Dungeon
  4692 | D:5      | Found an ancient bone altar of Kikubaaqudgha.
  4947 | D:5      | Found a snail-covered altar of Cheibriados.
  4950 | D:5      | Became a worshipper of Cheibriados the Contemplative
  5106 | D:5      | Reached skill level 7 in Crossbows
  5195 | D:5      | Found a staircase to the Ecumenical Temple.
  5210 | Temple   | Entered the Ecumenical Temple
  5791 | D:6      | Reached skill level 1 in Invocations
  5884 | D:6      | Reached XP level 8. HP: 51/66 MP: 3/9
  6522 | D:7      | Found a shimmering altar of Xom.
  6539 | D:7      | Acquired Cheibriados's first power
  6571 | D:7      | You fall through a shaft for 2 floors!
  6597 | D:9      | Reached skill level 8 in Crossbows
  6877 | D:9      | Gained mutation: Your muscles are strong. (Str +2) [potion of beneficial mutation]
  6899 | D:9      | Slain by a warg

Vault maps used:
D:1:      lightli_arrival_chessboard, hex_large, corexii_corridor_pit
D:2:      uniq_iyjb
D:3:      elyvilon_altar_4, gup_sewer_entry_bowl, minmay_misc_feat_room,
          ashenzari_altar_1
D:4:      first_bread, uniq_blork_the_orc
D:5:      kiku_gazebo_garden_becter, kennysheep_mini_moat, temple_statues,
          serial_bayou, serial_bayou_shore_b, serial_bayou_lagoon_a,
          serial_bayou_lagoon_b, serial_bayou_pond_c
D:6:      due_unseen_surprise
D:7:      xom_butterflies
D:9:      gammafunk_temple_overflow_elements, erik_lair_orcish_takeover,
          serial_shops, shop_statue, hangedman_tell_no_tales
Temple:   minmay_temple_forest_path_12
Sewer:    sewer_co_15_rooms

Action                   |  1- 3 |  4- 6 |  7- 9 || total
-------------------------+-------+-------+-------++-------
Melee: Dagger            |    18 |       |       ||    18
       Short sword       |    35 |   108 |    80 ||   223
 Fire: Hand crossbow     |    63 |   121 |    70 ||   254
Invok: Bend Time         |       |       |     5 ||     5
 Abil: Breathe Steam     |       |       |     3 ||     3
Evoke: Wand              |       |       |     1 ||     1
  Use: Scroll            |       |     1 |    12 ||    13
       Potion            |       |       |     6 ||     6
  Eat: Chunk             |     1 |       |     4 ||     5
       Bread ration      |       |     1 |     1 ||     2
       Pizza             |       |     2 |     1 ||     3
       Beef jerky        |       |     1 |       ||     1
